 Dungeon Crawl Stone Soup version 0.29-a0-284-gf9362112df (webtiles) character file.

Game seed: 17633438844970992315

2161 bande the Chopper (level 9, -6/55 HPs)
             Began as a Gargoyle Fighter on Mar 30, 2022.
             Was a Follower of Okawaru.
             Hit by a large rock thrown by a cyclops (23 damage)
             ... on level 7 of the Dungeon.
             The game lasted 00:12:43 (7406 turns).

bande the Chopper (Gargoyle Fighter)                Turns: 7406, Time: 00:12:43

Health: -6/55      AC: 18    Str: 28    XL:     9   Next: 32%
Magic:  9/9        EV:  9    Int:  9    God:    Okawaru [*.....]
Gold:   297        SH:  6    Dex: 19    Spells: 8/8 levels left

rFire   . . .      SeeInvis .   a - +0 war axe
rCold   . . .      Faith    .   c - +0 buckler
rNeg    + . .      Spirit   .   b - +0 scale mail
rPois   ∞          Reflect  .   u - +1 hat {Stlth+}
rElec   +          Harm     .   n - +0 cloak
rCorr   .          Rampage  .   (no gloves)
Will    +....                   p - +1 pair of boots
Stlth   +.........              (no amulet)
HPRegen 0.18/turn               m - +6 ring of dexterity
MPRegen 0.11/turn               l - +6 ring of strength

@: no status effects
A: sickness immunity, AC +6, negative energy resistance 1, electricity
resistance, torment resistance 1, petrification resistance, low MP 1,
strong-willed 1, strong 1, MP-powered wands
a: Renounce Religion, Heroism


You were on level 7 of the Dungeon.
You worshipped Okawaru.
Okawaru was aware of your devotion.
You visited 2 branches of the dungeon, and saw 8 of its levels.

You collected 297 gold pieces.

Inventory:

Hand Weapons
 a - a +0 war axe (weapon)
 q - a +2 mace of protection
 r - a +0 war axe
Armour
 b - a +0 scale mail (worn)
 c - a +0 buckler (worn)
 n - a +0 cloak (worn)
 p - a +1 pair of boots (worn)
 u - a +1 hat of stealth (worn)
 A - a +0 helmet
Jewellery
 l - a +6 ring of strength (right hand)
 m - a +6 ring of dexterity (left hand)
Wands
 e - a wand of flame (4)
 s - a wand of iceblast (12)
 x - a wand of mindburst (15)
Scrolls
 h - 2 scrolls of magic mapping
 k - 2 scrolls of teleportation
 t - a scroll of enchant armour
 w - 3 scrolls of amnesia
 y - a scroll of identify
Potions
 d - a potion of might
 f - 4 potions of curing
 g - a potion of brilliance
 i - a potion of invisibility
 j - a potion of heal wounds
 o - a potion of mutation
 v - 3 potions of haste
 z - 2 potions of degeneration {unknown}


   Skills:
 + Level 5.7 Fighting
 + Level 7.3 Axes
 + Level 6.4 Armour
 + Level 5.2 Shields
 * Level 2.1 Invocations
 * Level 4.1 Evocations


You had 8 spell levels left.
You didn't know any spells.
Your spell library contained the following spells:

 Spells                   Type           Power      Damage    Failure   Level
 Freeze                   Ice            0%         1d3       71%         1
 Sandblast                Erth           0%         2d4       71%         1
 Passwall                 Tmut/Erth      0%         N/A       85%         2
 Frozen Ramparts          Ice            0%         1d2       97%         3
 Stone Arrow              Conj/Erth      0%         3d7       97%         3
 Hailstorm                Conj/Ice       0%         3d3       100%        4


Dungeon Overview and Level Annotations

Branches:
Dungeon (7/15)             Temple (1/1) D:6

Altars:
Ashenzari
Elyvilon
Fedhas
Gozag
Makhleb
Nemelex Xobeh
Okawaru
Qazlal
Ru
Trog
Vehumet
Zin
The Shining One

Shops:
D:1 (   D:6 **

Annotations:
D:7 Duvessa


Innate Abilities, Weirdness & Mutations

You are immune to sickness and miasma.
Your stone body is resilient. (AC +6)
You are immune to poison.
You resist negative energy. (rN+)
You are resistant to electric shocks. (rElec)
You are resistant to unholy torment.
You are immune to petrification.
Your magical capacity is low. (-10% MP)
You are strong-willed. (Will+)
Your muscles are strong. (Str +2)
You expend magic power (3 MP) to strengthen your wands.


Message History

Found 4 boomerangs of dispersal.
You now have 297 gold pieces (gained 16).
No target in view!
No target in view!
Dowan, Brother of Duvessa comes into view.
He is wielding a +1 dagger of flaming.
Dowan shouts!
Dowan is nearby!
Duvessa, Sister of Dowan comes into view.
She is wielding a +0 rapier.
Duvessa shouts!
Found 17 stones.
You block Dowan's attack.
You miss Dowan. Dowan hits you but does no damage.
You slash Dowan!
Dowan is severely wounded.
A cyclops comes into view.
The cyclops shouts!
You slash Duvessa!
Duvessa is moderately wounded.
You slash Dowan!
You kill Dowan!
Okawaru accepts your kill.
You can now gain great but temporary skills.
Duvessa screams, "No!
How DARE you!"
Duvessa goes berserk!
You hit Duvessa. Duvessa barely misses you. You block Duvessa's attack.
You slash Duvessa!
Duvessa is severely wounded.
Duvessa hits you with a +0 rapier! x2
Unknown command.
You hit Duvessa but do no damage.
Duvessa is severely wounded.
Duvessa hits you with a +0 rapier!
You barely miss Duvessa.
Duvessa is severely wounded.
Duvessa barely misses you. Duvessa hits you but does no damage.
Unknown command.
You slash Duvessa!
Duvessa is almost dead.
Duvessa hits you with a +0 rapier!
The cyclops throws a large rock.
The large rock hits you!!
You die...

... ... ....#..... ...
..## ........... ...
...##............## ....
..................#.....
......#...........#.....
...#..##................
>.##....................
.##..#..........@e......
..#..#.....(...##)......
.....#.........# .......
....##.........# ..C....
.......##......##.......
......####......#.......
.#....#.................
.##...................(.
.#..................


You could see a cyclops and Duvessa (berserk).

Vanquished Creatures
  Sigmund (D:3)
  A water moccasin (D:6)
  3 sky beasts
  A black bear (D:7)
  An ice beast (D:3)
  3 ogres
  A phantom (D:4)
  A kobold brigand (D:6)
  A bullfrog (D:7)
  2 scorpions
  3 wights (D:6)
  Dowan (D:7)
  A vampire bat (D:3)
  A jelly (D:5)
  A hound (D:6)
  2 orc priests
  Crazy Yiuf (D:2)
  Jessica (D:2)
  5 iguanas
  3 orc wizards
  Robin (D:2)
  5 adders
  8 gnolls
  A white imp (D:6)
  An ufetubus (D:5)
  A worm (D:2)
  A dart slug (D:4)
  6 orcs
  11 bats
  6 endoplasms
  2 giant cockroaches (D:1)
  21 goblins
  7 hobgoblins
  3 quokkas
  3 ball pythons
  3 frilled lizards
  12 kobolds
  4 rats
130 creatures vanquished.

Vanquished Creatures (others)
  A plant (D:4)
1 creature vanquished.

Grand Total: 131 creatures vanquished

Notes
Turn   | Place    | Note
-------+----------+-------------------------------------------
     0 | D:1      | bande the Gargoyle Fighter began the quest for the Orb.
     0 | D:1      | Reached XP level 1. HP: 14/14 MP: 1/1
    71 | D:1      | Reached XP level 2. HP: 9/19 MP: 2/2
   475 | D:1      | Found a faded altar of an unknown god.
   677 | D:1      | Reached skill level 2 in Axes
   677 | D:1      | Reached XP level 3. HP: 21/24 MP: 3/3
   953 | D:1      | Found Manoidgh's Antique Weapon Shop.
  1076 | D:2      | Gained mutation: You expend magic power (3 MP) to
                  | strengthen your wands. [potion of mutation]
  1076 | D:2      | Gained mutation: Your muscles are strong. (Str +2) [potion
                  | of mutation]
  1076 | D:2      | Gained mutation: Your magical capacity is low. (-10% MP)
                  | [potion of mutation]
  1076 | D:2      | Gained mutation: You have hidden genetic potential. [potion
                  | of mutation]
  1285 | D:2      | Noticed Jessica
  1291 | D:2      | Killed Jessica
  1292 | D:2      | Reached XP level 4. HP: 20/29 MP: 3/3
  1302 | D:2      | Gained mutation: You have a pair of small horns on your
                  | head. [hidden potential]
  1567 | D:2      | Noticed Robin
  1913 | D:2      | You fall into a shaft and drop 1 floor!
  1953 | D:3      | Identified the +5 trident of Byr Poted {vorpal, rF+ Dex+2}
  1960 | D:3      | Reached skill level 3 in Axes
  1960 | D:3      | Reached XP level 5. HP: 32/33 MP: 4/4
  1963 | D:3      | Gained mutation: Your muscles are very strong. (Str +4)
                  | [hidden potential]
  1963 | D:3      | Lost mutation: You have hidden genetic potential. [hidden
                  | potential expressed]
  2030 | D:3      | Noticed Sigmund
  2041 | D:3      | Killed Sigmund
  2042 | D:3      | Reached skill level 4 in Axes
  2042 | D:3      | Reached skill level 1 in Evocations
  2042 | D:3      | Reached XP level 6. HP: 17/39 MP: 5/5
  2337 | D:2      | Killed Robin
  2502 | D:2      | Found a runed translucent door.
  2503 | D:2      | Noticed Crazy Yiuf
  2508 | D:2      | Killed Crazy Yiuf
  3061 | D:3      | Reached XP level 7. HP: 30/44 MP: 6/6
  3504 | D:4      | Reached skill level 5 in Axes
  4009 | D:4      | Reached skill level 5 in Armour
  4879 | D:5      | Entered Level 5 of the Dungeon
  4889 | D:5      | Reached skill level 5 in Fighting
  4889 | D:5      | Reached XP level 8. HP: 49/49 MP: 7/7
  4934 | D:5      | Found a white marble altar of Elyvilon.
  4982 | D:5      | Reached skill level 6 in Axes
  5981 | D:6      | Found a staircase to the Ecumenical Temple.
  6016 | D:6      | Found Dashuil's General Store.
  6025 | Temple   | Entered the Ecumenical Temple
  6150 | Temple   | Became a worshipper of Warmaster Okawaru
  6222 | D:6      | Reached skill level 1 in Invocations
  6222 | D:6      | Reached XP level 9. HP: 37/54 MP: 8/8
  6360 | D:6      | Found Suvibouho's Specific Store.
  6613 | D:6      | Reached skill level 7 in Axes
  6725 | D:6      | Reached skill level 5 in Shields
  6840 | D:6      | Found a burning altar of Makhleb.
  7161 | D:7      | Lost mutation: Your muscles are very strong. (Str +4)
                  | [potion of mutation]
  7161 | D:7      | Lost mutation: Your muscles are strong. (Str +2) [potion of
                  | mutation]
  7161 | D:7      | Lost mutation: You have a pair of small horns on your head.
                  | [potion of mutation]
  7161 | D:7      | Gained mutation: Your muscles are strong. (Str +2) [potion
                  | of mutation]
  7161 | D:7      | Gained mutation: You are strong-willed. (Will+) [potion of
                  | mutation]
  7396 | D:7      | Noticed Dowan
  7397 | D:7      | Noticed Duvessa
  7400 | D:7      | Noticed a cyclops
  7402 | D:7      | Killed Dowan
  7402 | D:7      | Reached * piety under Okawaru
  7406 | D:7      | Hit by a large rock thrown by a cyclops

Illustrated notes

Levels and vault maps discovered:
D:1:      dpeg_arrival_morbid_curiosity, layout_loops_ring, serial_shops, shop,
          shapermc_ecumenical_altar_pompeii, minmay_pentomino_r2
D:2:      layout_loops_cross, amcnicky_mini_corridor_feature, uniq_robin,
          uniq_jessica, uniq_crazy_yiuf_cottage
D:3:      layout_basic, roderic_batcave, hangedman_decor_slide_cut,
          kennysheep_cross_room, uniq_sigmund
D:4:      layout_basic, chequers_big_river
D:5:      layout_cave_pools, nicolae_elyvilon_peaceful_grove
D:6:      layout_loops_corners, lightli_temple_of_fire, temple_fountains,
          minmay_misc_feat_room, nicolae_specific_store
D:7:      layout_cave_pools, slow_altar_1, uniq_duvessa
Temple:   nicolae_temple_elliptical

Skill      XL: |  1  2  3  4  5  6  7  8  9 |
---------------+----------------------------+-----
Axes           | 2 3 4 5 6 7 |  7.3
Fighting       | 4 5 |  5.7
Armour         | 4 5 6 |  6.4
Shields        | 4 5 |  5.2
Evocations     | 1 2 3 4 |  4.1
Invocations    | 1 2 |  2.1

Action                   |  1- 3 |  4- 6 |  7- 9 || total
-------------------------+-------+-------+-------++-------
Melee: War axe           |   109 |    94 |   208 ||   411
       Headbutt          |       |     9 |    40 ||    49
  Use: Scroll            |     4 |     4 |     9 ||    17
       Potion            |     1 |     1 |     1 ||     3
Armor: Scale mail        |    55 |    70 |    96 ||   221
Dodge: Dodged            |    59 |    53 |    82 ||   194
Block: Buckler           |    28 |    35 |    67 ||   130

Table legend: (Time is in decaauts)
 A = Elapsed time spent in this place.
 B = Non-inter-level travel time spent in this place.
 C = Inter-level travel time spent in this place.
 D = Time resting spent in this place.
 E = Time spent auto-exploring this place.
 F = Levels seen in this place.
 G = Mean time per level.
                   A        B        C        D        E       F      G
               +--------+--------+--------+--------+--------+-----+--------+
         Total |   7553 |   7344 |    209 |   1072 |   4832 |   8 |  944.1 |
       Dungeon |   7369 |   7160 |    209 |   1072 |   4690 |   7 | 1052.7 |
        Temple |    183 |    183 |      0 |      0 |    142 |   1 |  183.0 |
               +--------+--------+--------+--------+--------+-----+--------+

Top non-repeatable levels by time:
     D:4: 1429 daAuts
     D:1: 1383 daAuts
     D:2: 1341 daAuts
     D:6: 1316 daAuts
     D:3: 839 daAuts
     D:5: 692 daAuts
     D:7: 365 daAuts
  Temple: 183 daAuts
